 Dungeon Crawl Stone Soup version 0.24.0-1-gfbc8707122 (webtiles) character file.

Game seed: 11779828958811567031, levelgen mode: deterministic

9009 MisterOstroum the Spear-Bearer (level 11, 0/90 HPs)
             Began as a Merfolk Enchanter on Oct 26, 2019.
             Was an Elder of Trog.
             Slain by a wolf (11 damage)
             ... on level 10 of the Dungeon.
             The game lasted 00:34:20 (18082 turns).

MisterOstroum the Spear-Bearer (Merfolk Enchanter) Turns: 18082, Time: 00:34:20

Health: 0/90       AC:  5    Str: 11    XL:     11   Next: 39%
Magic:  14/14      EV: 18    Int: 16    God:    Trog [****..]
Gold:   597        SH:  0    Dex: 14    Spells: 5/14 levels left

rFire    . . .     SeeInvis .   c - +0 halberd
rCold    . . .     Gourm    .   (shield currently unavailable)
rNeg     . . .     Faith    .   S - +2 robe {MR+}
rPois    +         Spirit   .   K - +0 helmet
rElec    .         Reflect  .   (no cloak)
rCorr    .         Harm     .   (no gloves)
MR       ++++.                  (no boots)
Stlth    +++.......             g - amulet of the acrobat
HPRegen  1.25/turn              E - ring of poison resistance
MPRegen  0.14/turn              G - ring of protection from magic

@: berserk cooldown, regenerating
A: change form in water, swift swim, stealthy swim
a: Berserk, Trog's Hand, Brothers in Arms, Renounce Religion


You were on level 10 of the Dungeon.
You worshipped Trog.
Trog was greatly pleased with you.
You were very hungry.

You visited 1 branch of the dungeon, and saw 11 of its levels.

You collected 597 gold pieces.

Inventory:

Hand Weapons
 a - a +2 dagger of venom
 b - a +0 trident
 c - a +0 halberd (weapon)
 d - a +0 hunting sling
Missiles
 n - 389 stones (quivered)
 o - 5 atropa-tipped darts
 p - 27 poisoned darts
Armour
 u - a +0 chain mail
 y - a +0 leather armour
 K - a +0 helmet (worn)
 S - a +2 robe of magic resistance (worn)
Jewellery
 g - an amulet of the acrobat (around neck)
 h - an uncursed ring of flight {unknown}
 z - an uncursed ring of fire
 E - a ring of poison resistance (left hand)
 G - a ring of protection from magic (right hand)
Wands
 C - a wand of disintegration (12)
 D - a wand of paralysis (6)
 L - a wand of flame (23)
 M - a wand of clouds (4)
 Q - a wand of digging (3)
Scrolls
 f - 3 scrolls of teleportation {@r3 !r}
 i - 7 scrolls of identify {@r1}
 j - a scroll of magic mapping {@r5 !r}
 k - a scroll of fear {!r}
 q - a scroll of immolation {unknown}
 r - a scroll of noise {unknown}
 v - 3 scrolls of enchant weapon {unknown}
 A - 5 scrolls of remove curse {unknown}
 B - 2 scrolls of random uselessness {unknown}
 F - 2 scrolls of fog {unknown}
 J - a scroll of blinking {unknown}
 N - a scroll of acquirement {unknown}
 R - a scroll of summoning {unknown}
Potions
 l - a potion of lignification {unknown}
 m - 3 potions of curing
 s - a potion of cancellation
 t - 3 potions of might {@q3 !q}
 w - 2 potions of heal wounds
 x - 2 potions of flight
 H - a potion of resistance {unknown}
 I - a potion of berserk rage {unknown}
 O - a potion of agility {unknown}
 P - a potion of magic {unknown}
Comestibles
 e - 5 rations


   Skills:
 - Level 10.0 Fighting
 - Level 2.0 Short Blades
 + Level 12.8 Polearms
 - Level 2.3 Armour
 - Level 10.0 Dodging
 - Level 5.0 Stealth
 - Level 2.0 Spellcasting
 - Level 6.7 Hexes
 - Level 4.7 Ice Magic


You had 5 spell levels left.
You knew the following spells:

 Your Spells              Type           Power        Failure   Level  Hunger
a - Corona                Hex            ###....      1%          1    #......
b - Ensorcelled Hibernat  Hex/Ice        ###...       3%          2    ###....
c - Confuse               Hex            ###.....     4%          3    ###....
d - Tukima's Dance        Hex            ###.....     4%          3    ###....

Your spell library contained the following spells:

 Spells                   Type           Power        Failure   Level  Hunger
 Dazzling Spray           Conj/Hex       ##....       16%         3    ###....
 Beastly Appendage        Tmut           #.....       21%         1    #......
 Sticks to Snakes         Tmut           #.......     30%         2    ###....
 Spider Form              Tmut/Pois      #.........   52%         3    ###....
 Ice Form                 Ice/Tmut       #.......     61%         4    #####..
 Blade Hands              Tmut           #.........   99%         5    ######.


Dungeon Overview and Level Annotations

Branches:
Dungeon (11/15)            Temple (0/1) D:6             Orc (0/2) D:9
   Lair: D:8-11

Altars:
Trog
Vehumet

Annotations:
D:4 2 transporters, Nivan's ghost, amateur DrCj
D:7 2 runed translucent doors, exclusions: 4 doors, killer bee and 1 more exclusion, P0WERM0DE's ghost, novice DDFi


Message History

You impale the orc priest!!
You kill the orc priest!
Trog accepts your kill. The big kobold completely misses you.
The orc completely misses you. The ogre closely misses you.
You slash the ogre!
You kill the ogre!
Trog accepts your kill.
The kobold throws a stone.
The stone hits you but does no damage. The porcupine bites you!
You puncture the porcupine!
The porcupine is severely wounded.
You hear an angry hiss.
The big kobold misses you. The orc barely misses you.
The kobold throws a stone.
The stone closely misses you.
The stone barely misses the porcupine.
A basilisk comes into view.
A kobold comes into view. It is wielding a +0 short sword.
You hear an angry hiss.
You hear an angry growl.
You barely miss the porcupine.
The porcupine is severely wounded.
You hear a howl!
The porcupine barely misses you. The orc hits you. The big kobold misses you.
You hear an angry growl.
You hit the orc.
The orc is heavily wounded.
The porcupine bites you.
The kobold throws a stone.
The stone barely misses you.
The stone hits the porcupine but does no damage.
You puncture the big kobold!
The big kobold is moderately wounded.
The porcupine misses you. The big kobold hits you.
The orc completely misses you.
You slash the orc!
You feel the power of Trog in you as your rage grows.
You kill the orc!
Trog accepts your kill.
A kobold comes into view. It is wielding a +0 short sword.
The porcupine closely misses you.
The big kobold hits you but does no damage.
You closely miss the big kobold.
The big kobold is moderately wounded.
The porcupine bites you.
You slice the big kobold!!
You kill the big kobold!
Trog accepts your kill. The basilisk gazes at you.
You resist with almost no effort.
You barely miss the porcupine.
The porcupine is severely wounded.
The porcupine bites you!
You barely miss the porcupine.
The porcupine is severely wounded.
The basilisk bites you! The porcupine closely misses you.
You completely miss the porcupine.
The porcupine is severely wounded.
A wolf comes into view.
You are struck by the porcupine's spines.
The wolf howls!
You slash the porcupine!
You kill the porcupine!
Trog accepts your kill.
Training target 10.0 for Dodging reached!
Your Dodging skill increases to level 10!
You hear an angry growl.
You hear a shout!
The kobold misses you. The basilisk closely misses you.
The wolf closely misses you. The basilisk bites you!
The kobold barely misses you.
You hear a shout!
You climb upwards.
You feel a strong urge to attack something.
You are no longer berserk.
You are exhausted.
You feel yourself slow down.
There is a stone staircase leading down, spattered with blood here.
Your magical effects are unravelling.
You feel magically purged.
You feel yourself speed up. The wolf completely misses you. The wolf bites you!
The kobold completely misses you. The basilisk closely misses you.
The kobold barely misses you. The wolf bites you!
* * * LOW HITPOINT WARNING * * *
The wolf completely misses you. The kobold closely misses you.
The wolf misses you. The kobold barely misses you. The wolf bites you!
* * * LOW HITPOINT WARNING * * *
The wolf barely misses you. The wolf misses you.
The wolf completely misses you. The wolf barely misses you.
The wolf completely misses you. The wolf bites you!
* * * LOW HITPOINT WARNING * * *
The wolf completely misses you.
Your skin crawls.
You feel resistant to hostile enchantments.
You are feeling very hungry.
The wolf bites you!
You die...

..#####.......#
.## #.......## ##
#........# #
##....)..#
#....>..#
#.....### #
##...### ####
#..### ###
...####..#######@#
.<...........Klh##
....(........K###
.............##
...........###
..........##
..........###
............###
#.............#


You could see a basilisk, a wolf and 2 kobolds.

Vanquished Creatures
  2 two-headed ogres
  2 trolls (D:10)
  3 hippogriffs
  6 yaks (D:10)
  2 hungry ghosts (D:9)
  2 two-headed ogre zombies (D:9)
  3 orc warriors
  A porcupine (D:11)
  5 ice beasts
  A sky beast (D:7)
  A black bear (D:8)
  2 phantoms (D:9)
  A necrophage (D:7)
  7 ogres
  5 centaurs
  Blork the orc (D:6)
  2 big kobolds
  6 bullfrogs
  2 troll zombies (D:9)
  3 scorpions
  A water moccasin skeleton (D:7)
  8 wights (D:8)
  7 howler monkeys
  6 crimson imps
  A quasit (D:8)
  2 centaur zombies (D:4)
  2 bullfrog zombies
  2 jellies (D:9)
  5 orc priests
  A gnoll shaman (D:4)
  2 hounds
  8 orc wizards
  A bullfrog skeleton (D:6)
  2 iguanas
  9 worker ants
  4 ogre zombies (D:9)
  A hound zombie (D:4)
  3 hound skeletons
  A worker ant zombie (D:10)
  11 adders
  10 gnolls
  3 shadow imps
  A worm (D:5)
  2 dart slugs
  10 leopard geckos
  37 orcs
  9 bats
  2 giant cockroaches
  9 goblins
  4 hobgoblins
  4 jackals (D:7)
  18 kobolds
  5 quokkas
  3 ball pythons (D:2)
  10 frilled lizards
  A giant cockroach zombie (D:4)
  A goblin zombie (D:9)
  4 hobgoblin skeletons (D:9)
  A hobgoblin zombie (D:9)
  A leopard gecko skeleton (D:7)
  2 leopard gecko zombies
  5 orc skeletons (D:9)
  13 orc zombies (D:9)
  3 rats
292 creatures vanquished.

Vanquished Creatures (collateral kills)
  2 gnolls (D:5)
2 creatures vanquished.

Vanquished Creatures (others)
  A fungus (D:11)
1 creature vanquished.

Grand Total: 295 creatures vanquished

Notes
Turn   | Place    | Note
-------+----------+-------------------------------------------
     0 | D:1      | MisterOstroum the Merfolk Enchanter began the quest for the
                  | Orb.
     0 | D:1      | Reached XP level 1. HP: 13/13 MP: 3/3
    88 | D:1      | Reached skill level 1 in Fighting
   320 | D:1      | Reached XP level 2. HP: 22/22 MP: 5/5
   338 | D:1      | Learned a level 2 spell: Ensorcelled Hibernation
  1027 | D:1      | Reached XP level 3. HP: 26/27 MP: 6/6
  1374 | D:2      | Learned a level 3 spell: Confuse
  1492 | D:2      | Reached skill level 1 in Ice Magic
  2151 | D:2      | Reached XP level 4. HP: 29/33 MP: 0/7
  3928 | D:4      | Found a transporter.
  3959 | D:4      | Found a transporter.
  3961 | D:4      | Noticed Nivan's ghost (amateur DrCj)
  3985 | D:4      | Reached XP level 5. HP: 20/38 MP: 4/8
  4568 | D:4      | Reached XP level 6. HP: 31/44 MP: 1/9
  5386 | D:4      | Reached skill level 5 in Hexes
  5889 | D:4      | Learned a level 3 spell: Tukima's Dance
  5987 | D:4      | Found a transporter.
  6192 | D:4      | Found a transporter.
  6584 | D:5      | Entered Level 5 of the Dungeon
  6584 | D:5      | Noticed an ice beast
  6929 | D:5      | Reached XP level 7. HP: 50/50 MP: 10/10
  7112 | D:5      | Found a bloodstained altar of Trog.
  7137 | D:5      | Reached skill level 5 in Stealth
  7837 | D:5      | Became a worshipper of Trog the Wrathful
  8140 | D:5      | Reached skill level 1 in Polearms
  8140 | D:5      | Reached XP level 8. HP: 52/57 MP: 11/11
  8405 | D:5      | Reached skill level 2 in Polearms
  8592 | D:6      | Noticed Blork the orc
  8620 | D:6      | Killed Blork the orc
  8620 | D:6      | Reached skill level 3 in Polearms
  9158 | D:6      | Reached skill level 4 in Polearms
  9491 | D:6      | Found a staircase to the Ecumenical Temple.
  9678 | D:6      | Reached skill level 5 in Polearms
 10718 | D:7      | Reached skill level 5 in Fighting
 10718 | D:7      | Reached skill level 6 in Polearms
 10878 | D:7      | Reached XP level 9. HP: 53/68 MP: 12/12
 11149 | D:7      | Reached skill level 5 in Dodging
 11313 | D:7      | Reached skill level 7 in Polearms
 11731 | D:7      | Reached * piety under Trog
 12199 | D:7      | Found a large runed translucent door.
 12199 | D:7      | Found a large runed translucent door.
 12216 | D:7      | Reached skill level 8 in Polearms
 12336 | D:7      | Noticed P0WERM0DE's ghost (novice DDFi)
 12802 | D:8      | Reached skill level 9 in Polearms
 13241 | D:8      | Noticed a two-headed ogre
 13345 | D:8      | Reached XP level 10. HP: 78/78 MP: 13/13
 13521 | D:8      | Killed a two-headed ogre
 13521 | D:8      | Reached skill level 10 in Polearms
 13545 | D:8      | Reached ** piety under Trog
 14021 | D:9      | Reached skill level 11 in Polearms
 14573 | D:9      | Found a radiant altar of Vehumet.
 14675 | D:9      | Reached skill level 1 in Armour
 15089 | D:9      | Found a staircase to the Orcish Mines.
 15243 | D:9      | Reached *** piety under Trog
 16188 | D:10     | Entered Level 10 of the Dungeon
 16361 | D:10     | Noticed a two-headed ogre
 16420 | D:10     | Killed a two-headed ogre
 16420 | D:10     | Reached XP level 11. HP: 40/88 MP: 14/14
 16745 | D:10     | Reached skill level 10 in Fighting
 16813 | D:10     | Reached skill level 12 in Polearms
 17353 | D:10     | Reached **** piety under Trog
 18065 | D:11     | Reached skill level 10 in Dodging
 18082 | D:10     | Slain by a wolf

Levels and vault maps discovered:
D:1:      dpeg_arrival_stonehenge_8_columns, layout_loops_corners,
          serial_bayou_pond_e
D:2:      layout_loops_ring
D:3:      minmay_door_path, layout_loops_ring, due_unseen_surprise
D:4:      layout_loops_corners, gammafunk_ghost_stat_death, serial_undead,
          serial_undead_b, serial_undead_f, serial_undead_c, serial_undead_b,
          supply_closet_lemuel, st_stairs_7
D:5:      layout_basic, first_ration, basic_altar, minmay_chambers_of_fives
D:6:      layout_layer_cave, minmay_temple_entry_grid, st_stairs_3,
          serial_park_tiny_2, uniq_blork_the_orc
D:7:      layout_basic, ebering_ghost_disaster_area
D:8:      minmay_general_purpose_star, layout_loops_ring
D:9:      layout_roguey, vehumet_crystals, zombieorc2_lemuel
D:10:     layout_layer_cave
D:11:     layout_loops_ring, minmay_lair_entry_grove

Skill      XL: |  1  2  3  4  5  6  7  8  9 10 11 |
---------------+----------------------------------+-----
Fighting       | 1 2 5 7 9 10 | 10.0
Short Blades   | 2 |  2.0
Ice Magic      | 1 2 3 4 |  4.7
Hexes          | 4 5 6 |  6.7
Stealth        | 4 5 |  5.0
Polearms       | 1 6 9 11 12 | 12.8
Dodging        | 4 6 8 10 | 10.0
Armour         | 2 |  2.3
Spellcasting   | |  2.0

Action                   |  1- 3 |  4- 6 |  7- 9 | 10-12 || total
-------------------------+-------+-------+-------+-------++-------
Melee: Dagger            |    91 |   151 |   220 |   104 ||   566
       Trident           |       |     6 |   140 |    45 ||   191
       Tailslap          |       |     1 |       |       ||     1
       Halberd           |       |       |    71 |   336 ||   407
Throw: Stone             |     1 |     9 |     6 |     7 ||    23
       Dart              |       |       |     9 |       ||     9
 Cast: Ensorcelled Hiber |    21 |    28 |    10 |       ||    59
       Corona            |     1 |     1 |     6 |       ||     8
       Confuse           |       |    16 |     2 |       ||    18
       Tukima's Dance    |       |     1 |     2 |       ||     3
Invok: Berserk           |       |       |     6 |    14 ||    20
       Trog's Hand       |       |       |       |     2 ||     2
  Use: Scroll            |       |       |     8 |     4 ||    12
       Potion            |       |       |     1 |     2 ||     3
 Stab: Sleeping          |    20 |    25 |    19 |     5 ||    69
       Confused          |       |     2 |     1 |       ||     3
       Distracted        |       |       |     1 |     5 ||     6
  Eat: Chunk             |     5 |    18 |    16 |    17 ||    56
       Ration            |       |       |     4 |     4 ||     8
Armor: Robe              |    26 |    17 |     5 |    10 ||    58
       Leather armour    |       |     1 |    38 |    48 ||    87
       Chain mail        |       |       |     1 |       ||     1
Dodge: Dodged            |    67 |   105 |   256 |   309 ||   737
